 Dungeon Crawl Stone Soup version 0.19.0-16-g73b5abf (webtiles) character file.

1079 Jerry the Slasher (level 7, -4/53 HPs)
             Began as a Demigod Skald on Nov 11, 2016.
             Slain by a centaur (7 damage)
             ... on level 6 of the Dungeon.
             The game lasted 00:26:36 (7859 turns).

Jerry the Slasher (Demigod Skald)                   Turns: 7859, Time: 00:26:37

Health: -4/53      AC: 11    Str: 15    XL:     7   Next: 81%
Magic:  6/12       EV: 13    Int: 16    God:
Gold:   293        SH:  0    Dex: 19    Spells: 2 memorised, 5 levels left

rFire  . . .     SeeInvis .     a - +1 falchion
rCold  . . .     Gourm    .     l - +0 ring mail
rNeg   . . .     Faith    .     (no shield)
rPois  .         Spirit   .     p - +0 helmet
rElec  .         Reflect  .     q - +2 cloak
rCorr  +         Harm     .     t - +0 pair of gloves
MR     .....                    (no boots)
Stlth  +.........               (no amulet)
                                (no ring)
                                k - ring of resist corrosion

@: invisible
A: high mp 1
a: no special abilities


You were on level 6 of the Dungeon.
You were not hungry.

You visited 1 branch of the dungeon, and saw 6 of its levels.
You also visited: Sewer.

You collected 293 gold pieces.

Inventory:

Hand Weapons
 a - a +1 falchion (weapon)
Armour
 j - a +0 chain mail
 l - a +0 ring mail (worn)
 p - a +0 helmet (worn)
 q - a +2 cloak (worn)
 t - a +0 pair of gloves (worn)
Jewellery
 k - a ring of resist corrosion (left hand)
Scrolls
 e - a scroll of fear
 h - 2 scrolls of teleportation
 r - a scroll of enchant armour {unknown}
 w - 3 scrolls of remove curse
Potions
 g - 3 potions of flight
 i - a potion of mutation {unknown}
 m - a potion of cure mutation {unknown}
 n - 3 potions of heal wounds {unknown}
 s - 2 potions of lignification {unknown}
Books
 c - a book of Battle

   Spells                             Type                      Level
   a - Infusion                       Charms                       1
   b - Shroud of Golubria             Charms/Translocation         2
   c - Song of Slaying                Charms                       2
   d - Spectral Weapon                Hexes/Charms                 3
   e - Regeneration                   Charms/Necromancy            3
Comestibles
 d - 3 bread rations
 f - a fruit
 o - a beef jerky
 u - a chunk of flesh


   Skills:
 - Level 1.7 Fighting
 + Level 5.0 Long Blades
 + Level 5.0 Armour
 + Level 4.4 Dodging
 - Level 1.7 Spellcasting
 - Level 2.6 Charms
 + Level 2.0 Necromancy


You had 5 spell levels left.
You knew the following spells:

 Your Spells              Type           Power        Failure   Level  Hunger
a - Infusion              Chrm           ##..         14%         1    ##.....
b - Regeneration          Chrm/Necr      #.........   52%         3    ####...


Dungeon Overview and Level Annotations

Branches:
Dungeon (6/15)             Temple (0/1) D:5

Shops:
D:2 *

Annotations:
D:5 Pikel
D:6 Leibowitz's ghost, novice MfGl


Innate Abilities, Weirdness & Mutations

You have an increased reservoir of magic. (+10% MP)


Message History

Your ring mail prevents you from hitting the centaur.
The centaur closely misses you.
You hit the centaur.
The centaur is lightly wounded.
The centaur hits you.
* * * LOW HITPOINT WARNING * * *
The centaur hits you but does no damage.
The phantom blinks!
You hit the centaur.
The centaur is moderately wounded.
The centaur barely misses you. The centaur hits you.
* * * LOW HITPOINT WARNING * * *
You hit the centaur.
The centaur is heavily wounded.
The centaur hits you.
* * * LOW HITPOINT WARNING * * *
It was a potion of invisibility.
You fade into invisibility!
The centaur completely misses you. The centaur hits you!
You die...

#.#
#.###.##.##
#.###.# #.##.#
#.....# #.##.#
#####
#.#######.##.#
#....
#.........##.#
...[..
#.##########.#
.W....# #.#
#.#
.......##)#
#.#
......c@((#
.......####
#.....# #.....
#####


You could see a phantom and a centaur.

Vanquished Creatures
  Menkaure (D:6)
  An ice beast (D:6)
  A slave (D:5)
  An ogre (D:6)
  A big kobold (Sewer)
  3 vampire bats (D:6)
  A hound (D:5)
  An orc priest (D:3)
  2 orc wizards
  An iguana (D:6)
  3 worker ants
  A killer bee zombie (D:5)
  A hound skeleton (D:4)
  A worker ant zombie (D:5)
  Robin (D:2)
  7 gnolls
  10 adders
  3 river rats (Sewer)
  2 adder skeletons
  5 worms
  2 dart slugs (D:1)
  6 leopard geckos
  11 orcs
  A ball python (D:3)
  10 bats
  2 giant cockroaches
  10 goblins
  8 hobgoblins
  6 jackals
  12 kobolds
  5 quokkas
  4 frilled lizards
  A giant cockroach zombie (D:6)
  11 rats
136 creatures vanquished.

Notes
Turn   | Place    | Note
-------+----------+-------------------------------------------
     0 | D:1      | Jerry the Demigod Skald began the quest for the Orb.
     0 | D:1      | Reached XP level 1. HP: 17/17 MP: 5/5
     6 | D:1      | Noticed a polar bear
     6 | D:1      | Noticed a swamp drake
     6 | D:1      | Noticed a komodo dragon
     7 | D:1      | Noticed a worker ant
     7 | D:1      | Noticed a water moccasin
    16 | D:1      | Reached skill level 1 in Armour
   267 | D:1      | Reached XP level 2. HP: 21/24 MP: 5/7
  1115 | D:1      | Reached XP level 3. HP: 17/29 MP: 4/8
  1386 | D:2      | Found an opulent altar of Gozag.
  1389 | D:2      | Found Gozag's Platinum Reserve.
  1563 | D:2      | Noticed Robin
  1605 | D:2      | Killed Robin
  2139 | D:2      | Reached skill level 1 in Dodging
  2139 | D:2      | Reached XP level 4. HP: 8/36 MP: 9/9
  3135 | D:3      | Found a glowing drain.
  3149 | Sewer    | Entered a sewer
  3176 | Sewer    | Reached XP level 5. HP: 10/41 MP: 7/10
  3644 | Sewer    | Found a white marble altar of Elyvilon.
  4139 | D:3      | Learned a level 3 spell: Regeneration
  4341 | D:3      | Found an iron altar of Okawaru.
  4597 | D:4      | Reached XP level 6. HP: 39/48 MP: 11/11
  5966 | D:5      | Entered Level 5 of the Dungeon
  6226 | D:5      | Noticed Pikel
  6395 | D:5      | Found a staircase to the Ecumenical Temple.
  6756 | D:5      | Reached XP level 7. HP: 52/53 MP: 4/12
  6861 | D:6      | Noticed Menkaure
  6878 | D:6      | Killed Menkaure
  6935 | D:6      | Noticed Leibowitz's ghost (novice MfGl)
  7228 | D:6      | Reached skill level 1 in Necromancy
  7747 | D:6      | Reached skill level 5 in Armour
  7750 | D:6      | Reached skill level 5 in Long Blades
  7859 | D:6      | Slain by a centaur

Skill      XL: |  1  2  3  4  5  6  7 |
---------------+----------------------+-----
Armour         | 1 2 3 4 5 |  5.0
Long Blades    | 2 3 4 5 |  5.0
Dodging        | 1 2 3 4 |  4.4
Necromancy     | 2 |  2.0
Fighting       | |  1.7
Spellcasting   | |  1.7
Charms         | |  2.6

Action                   |  1- 3 |  4- 6 |  7- 9 || total
-------------------------+-------+-------+-------++-------
Melee: Falchion          |   151 |   343 |    84 ||   578
       Short sword       |       |    17 |       ||    17
 Cast: Infusion          |     5 |    17 |     6 ||    28
  Use: Scroll            |       |    11 |       ||    11
       Potion            |       |     1 |     1 ||     2
  Eat: Chunk             |     4 |    14 |     3 ||    21
       Pizza             |       |     1 |       ||     1
       Fruit             |       |     1 |     1 ||     2
Armor: Leather armour    |    22 |       |       ||    22
       Ring mail         |    22 |   128 |    30 ||   180
Dodge: Dodged            |   114 |   224 |    72 ||   410
       Rpst.: Falchion   |    28 |    65 |    24 ||   117
